 Dungeon Crawl Stone Soup version 0.25-a0-815-gab441bd002 (webtiles) character file.

Game seed: 3928292386835355649, levelgen mode: deterministic

56 Conn the Magician (level 3, -2/21 HPs)
             Began as an Octopode Wizard on Apr 20, 2020.
             Slain by a gnoll
             ... wielding a +0 spear
              (10 damage)
             ... on level 2 of the Dungeon.
             The game lasted 00:04:36 (1888 turns).

Conn the Magician (Octopode Wizard)                 Turns: 1888, Time: 00:04:37

Health: -2/21      AC:  1    Str:  6    XL:     3   Next: 97%
Magic:  4/8        EV: 13    Int: 21    God:
Gold:   53         SH:  0    Dex: 10    Spells: 5/10 levels left

rFire    . . .     SeeInvis .   e - +0 dagger
rCold    . . .     Gourm    .   (no shield)
rNeg     + . .     Faith    .   a - +0 hat
rPois    .         Spirit   .   (no amulet)
rElec    .         Reflect  .   i - ring of positive energy
rCorr    .         Harm     .   (no ring)
MR       .....                  (no ring)
Stlth    +++.......             (no ring)
HPRegen  0.07/turn              (no ring)
MPRegen  0.11/turn              (no ring)
                                (no ring)
                                (no ring)

@: very slightly contaminated
A: almost no armour, stealthy swim, amphibious, 8 rings, constrict 8, camouflage
1, gelatinous body 1
a: no special abilities


You were on level 2 of the Dungeon.
You were not hungry.

You visited 1 branch of the dungeon, and saw 2 of its levels.

You collected 53 gold pieces.

Inventory:

Hand Weapons
 e - a +0 dagger (weapon)
Armour
 a - a +0 hat (worn)
Jewellery
 i - a ring of positive energy (left tentacle)
Scrolls
 f - a scroll of random uselessness {unknown}
Potions
 b - a potion of might
 d - a potion of mutation {unknown}
 g - 2 potions of curing {unknown}
Comestibles
 c - 2 rations
 h - a chunk of flesh


   Skills:
 + Level 2.2 Dodging
 + Level 2.8 Stealth
 * Level 4.1 Spellcasting
 * Level 1.4 Conjurations
 + Level 1.1 Summonings
 + Level 1.0 Translocations


You had 5 spell levels left.
You knew the following spells:

 Your Spells              Type           Power        Failure   Level  Hunger
a - Magic Dart            Conj           ##..         6%          1    None
b - Blink                 Tloc           N/A          12%         2    #......
c - Call Imp              Summ           #.......     12%         2    #......

Your spell library contained the following spells:

 Spells                   Type           Power        Failure   Level  Hunger
 Slow                     Hex            #.......     19%         2    #......
 Conjure Flame            Conj/Fire      #.......     26%         3    ###....
 Mephitic Cloud           Conj/Pois/Air  #.......     28%         3    ###....


Dungeon Overview and Level Annotations

Branches:
Dungeon (2/15)

Altars:


Innate Abilities, Weirdness & Mutations

You cannot wear most types of armour.
You are very stealthy in the water. (Stealth+)
You are amphibious.
You can wear up to eight rings at the same time.
You can use your tentacles to constrict eight enemies at once.
Your skin changes colour to match your surroundings (Stealth+).
Your rubbery body absorbs attacks. (AC +1, EV +1)


Message History

You are very lightly contaminated with residual magic.
Nothing appears to happen.
You constrict the gnoll, but do no damage.
The gnoll misses you.
Casting: Magic Dart (safe; 6% risk of failure)
Confirm with . or Enter, or press ? or * to list all spells.
Aiming: Magic Dart (safe; 6% risk of failure)
Press: ? - help, Shift-Dir - straight line, f/p - gnoll
Aim: a gnoll, wielding a +0 spear (heavily wounded, constricted by you)
The magic dart hits the gnoll.
The gnoll is heavily wounded.
You constrict the gnoll. The gnoll hits you with a +0 spear!
You release your grip on the gnoll.
The gnoll misses you.
Things that are here:
a cursed +0 dagger; a goblin skeleton
Casting: Magic Dart (safe; 6% risk of failure)
Confirm with . or Enter, or press ? or * to list all spells.
A beastly little devil appears in a puff of flame.
The gnoll hits you from afar with a +0 spear!
You die...

#.# #.# #.# ##.## #. #.#
##...## #. #.#
###..#).### #. #.#
#.(>###(..# #.# #.#
#.#.)#.(#.# #.#
#.###########5##.).)#.#
#.#
#.............#####.#.#
#.## #############@#
#)#.#####.<( #.#
##.#.).......
#g####.g(......### #
#.##.......###.##. .#
#)##.#..#.###..... .#
#.##.#.รท#.# #.....
####.##.#..#.# #.###.
..............#.###.....
#######)..........>.....


You could see a gnoll and a friendly crimson imp.

Vanquished Creatures
  A giant cockroach (D:1)
  5 hobgoblins
  4 jackals (D:2)
  3 kobolds (D:2)
  A quokka (D:2)
  A ball python (D:1)
  2 bats (D:1)
  6 frilled lizards
  8 goblins
  3 rats
34 creatures vanquished.

Vanquished Creatures (collateral kills)
  Robin (D:2)
  2 gnolls (D:2)
  A goblin (D:2)
4 creatures vanquished.

Grand Total: 38 creatures vanquished

Notes
Turn   | Place    | Note
-------+----------+-------------------------------------------
     0 | D:1      | Conn the Octopode Wizard began the quest for the Orb.
     0 | D:1      | Reached XP level 1. HP: 11/11 MP: 4/4
   372 | D:1      | You fall into a shaft and drop 1 floor!
   393 | D:2      | Reached XP level 2. HP: 10/17 MP: 0/6
   555 | D:2      | Learned a level 2 spell: Blink
   561 | D:2      | Learned a level 2 spell: Call Imp
  1071 | D:2      | Reached XP level 3. HP: 21/21 MP: 8/8
  1747 | D:2      | Noticed Robin
  1757 | D:2      | Reached skill level 4 in Spellcasting
  1763 | D:2      | Killed Robin
  1888 | D:2      | Slain by a gnoll

Levels and vault maps discovered:
D:1:      lemuel_arrival_rhombus, layout_basic
D:2:      layout_loops_ring, minmay_misc_feat_columns, uniq_robin

Skill      XL: |  1  2  3 |
---------------+----------+-----
Spellcasting   | 4 |  4.1
Dodging        | |  2.2
Stealth        | |  2.8
Conjurations   | |  1.4
Summonings     | |  1.1
Translocations | |  1.0

Action                   || total
-------------------------++-------
Melee: Unarmed           ||     4
       Dagger            ||    22
       Constrict         ||     8
       Tentacles         ||     2
 Cast: Magic Dart        ||    64
       Call Imp          ||     2
  Use: Potion            ||     1
 Stab: Sleeping          ||     2
  Eat: Chunk             ||     3
Armor: Skin              ||     3
Dodge: Dodged            ||    34

Table legend:
 A = Non-vault XP
 B = Vault XP
 C = Vault XP percentage of total XP
 D = Non-vault monster count
 E = Vault monster count
 F = Vault count percentage of total count
                 A         B        C        D         E       F
            +---------+---------+-------+---------+---------+-------
      Total |      65 |      16 |  19.8 |      32 |       6 |  15.8
            +---------+---------+-------+---------+---------+-------
        D:1 |      11 |       0 |   0.0 |       9 |       0 |   0.0
        D:2 |      54 |      16 |  22.9 |      23 |       6 |  20.7
            +---------+---------+-------+---------+---------+-------
